Map: Dash and Terminal LE (Void)

Players

Bakemonoda - Winner!

  • Race: Terran Terran
  • League: Master

PengWin

  • Race: Protoss Protoss
  • League: Grandmaster

VOD

https://www.youtube.com/watch?v=7wwgebRlhmM&feature=youtu.be

Description

I saw this build on /r/allthingsterran. /u/Bakemonoda had posted a video on the build where he explains the build. He was more than willing to upload the replay and let me do a write up on it for a build of the week, so thanks to him for that.

Basically this build puts the pressure on the protoss before they can get a warp prism out, then the cyclones can deal with the warp prisms after it's out :D. The protoss opens standard, but this build still does a good amount of damage/game ending damage.

The goal is to do some damage with the proxy reaper, then follow up with cyclones to finish off the game/put yourself in a game winning position.

The proxy reaper is extremely effective in LotV right now. The reapers arrive before a mothership core is out (on a two base protoss opening) and they can do big damage by kiting around the adepts/stalkers. The bombs also disrupt mining/give extra kills.

By the time that the mothership core can get out (if the protoss decides to make it), there will be a cyclone to target it down. After the third reaper, you can also lift the barracks and float it at a ramp/cliff, for the cyclones, so they can have vision and target stalkers/adepts on top of the ramp. This takes away most of the defenders advantage that the protoss would normally have with terrain.

Reapers also can give vision by jumping up on the cliffs/suiciding up ramps to give vision.

Using the reaper bombs to keep the stalkers/adepts from attacking is also another strong thing that you can do to keep the cyclones from taking damage. The reapers are only there to distract/tank for the cyclones. The fact that both of the units in this cheese have high speed makes it hard for the protoss to deal with. The only thing that they can really do is try to save the MSC to photon overcharge some or use the adept ability really well to counter the speed of the terran units.

The latter is the best of the two in my opinion, because photon overcharge only last like 11 seconds as of the last patch.

The followup for the build is just getting another CC and another factory (if you want to go mech). If you want to go bio, I would reccomend floating the barracks back home, switching it with the factory after about 3 cyclones, and starting stim right away, along with more barracks.

~MorN_sc

Time

  • Played on: Sept. 22, 2015, 4:46 a.m.
  • Length: 11:14
Show
View Real Time Build Order
Export as new Build Order

Bakemonoda Terran - Winner!

Build Orders: Reaper Expand 

Get SALT Encoding   

  12  0:01  SCV  
  13  0:16  Supply Depot  
  13  0:18  SCV  
  14  0:27  Refinery  
  15  0:40  Barracks  
  14  0:44  SCV  
  15  0:56  SCV  
  16  1:00  Refinery  
  16  1:09  SCV  
  17  1:21  SCV  
  18  1:28  Reaper  
  19  1:33  Orbital Command  
  19  1:41  Factory  
  19  1:54  Supply Depot  
  19  1:58  Refinery  
  19  2:04  Reaper  
  19  2:29  Factory Tech Lab  
  19  2:36  Reaper  
  20  2:46  Command Center  
  20  2:52  SCV  
  21  3:00  Cyclone  
  21  3:03  Supply Depot  
  24  3:17  SCV  
  25  3:22  Factory  
  25  3:34  SCV  
  26  3:41  Cyclone  
  26  3:46  SCV  
  30  3:58  SCV  
  31  4:10  SCV  
  31  4:34  Factory Tech Lab, Cyclone  
  31  4:36  SCV  
  35  4:48  SCV  
  36  4:54  Barracks Tech Lab  
  36  4:55  Orbital Command  
  36  4:56  Barracks  
  36  5:00  SCV  
  37  5:10  Cyclone  
  37  5:12  SCV  
  37  5:13  Cyclone  
  44  5:24  SCV  
  45  5:28  Engineering Bay, Barracks  
  45  5:29  SCV  
  45  5:31  Barracks  
  45  5:36  SCV  
  45  5:41  SCV  
  44  5:48  SCV  
  43  5:53  SCV  
  44  6:01  Cyclone  
  47  6:14  SCV x2  
  47  6:16  Marine  
  50  6:25  Marine  
  51  6:26  SCV x2  
  51  6:28  Marine  
  53  6:34  Marine  
  52  6:57  Cyclone  
  47  7:09  Supply Depot  
  44  7:23  SCV x2  
  46  7:32  Marine  
  46  7:33  Marine x2  
  46  7:34  Hellion x2  
  46  7:35  SCV x2  
  55  7:40  Barracks  
  55  7:41  Command Center  
  55  7:42  Barracks  
  55  7:52  Marine  
  55  7:53  Marine x2  
  55  7:55  Hellion  
  60  8:02  SCV  
  60  8:03  SCV  
  62  8:08  Supply Depot x3  
  62  8:22  Barracks Tech Lab  
  62  8:24  Supply Depot  
  62  8:25  Barracks Tech Lab  
  62  8:29  Marine  
  62  8:30  SCV, Cyclone  
  67  8:45  Armory  
  67  8:48  Stimpack  
  67  8:49  Marine x5  
  67  8:50  Combat Shields  
  69  9:07  Marine  
  69  10:34  Orbital Command  
Show
View Real Time Build Order
Export as new Build Order

PengWin Protoss 

Build Orders:  

Get SALT Encoding   

  12  0:00  Probe (Chrono Boost)  
  13  0:10  Probe (Chrono Boost)  
  14  0:20  Probe (Chrono Boost)  
  15  0:23  Pylon  
  15  0:41  Probe (Chrono Boost)  
  16  0:50  Probe (Chrono Boost)  
  16  0:54  Gateway  
  17  1:00  Probe (Chrono Boost)  
  17  1:02  Assimilator  
  18  1:11  Probe (Chrono Boost)  
  18  1:14  Pylon  
  19  1:22  Probe (Chrono Boost)  
  20  1:35  Probe (Chrono Boost)  
  21  1:42  Cybernetics Core  
  21  1:50  Probe (Chrono Boost), Nexus  
  22  1:58  Pylon  
  22  2:00  Probe (Chrono Boost)  
  21  2:17  Stalker (Chrono Boost)  
  22  2:24  Probe  
  23  2:36  Probe  
  23  2:53  Adept (Chrono Boost)  
  23  2:55  Probe  
  23  2:56  Warp Gate (Chrono Boost)  
  26  3:01  Gateway  
  26  3:07  Probe  
  25  3:27  Probe  
  25  3:30  Probe  
  25  3:32  Adept  
  29  3:37  Probe  
  30  3:41  Gateway  
  30  3:42  Probe, Gateway  
  30  4:09  Adept  
  26  4:39  Pylon  
  26  4:40  Pylon  
  24  4:51  Mothership Core (Chrono Boost)  
  26  4:57  Adept x3  
  32  5:03  Adept  
  34  5:20  Adept x3  
  40  5:25  Adept  
  42  5:54  Pylon  
  42  5:55  Pylon  
  42  5:57  Pylon  
  38  6:10  Adept  
  38  6:13  Adept x2  
  38  6:14  Adept  
  44  6:29  Nexus  
  34  6:48  Adept x4  
  34  7:02  Robotics Facility  
  34  7:03  Robotics Facility  
  34  7:06  Probe (Chrono Boost)  
  34  7:08  Assimilator  
  33  7:16  Probe (Chrono Boost)  
  28  7:44  Pylon  
  28  7:47  Probe x2 (Chrono Boost)  
  28  7:49  Immortal x2 (Chrono Boost)  
  29  7:56  Assimilator  
  37  7:58  Probe, Assimilator  
  37  7:59  Probe  
  39  8:12  Probe x2  
  41  8:17  Pylon  
  41  8:23  Immortal (Chrono Boost)  
  41  8:24  Probe x2  
  46  8:36  Immortal (Chrono Boost)  
Tags
 
Add a new tag
Caveats
  • Supply blocks, unpowered buildings, or Contaminate may cause inaccurate times.
  • Supply counts are checked every 10 seconds.